 Dungeon Crawl Stone Soup version 0.30-b1-2-g02819fbbbe (webtiles) character file.

Game seed: 791156009615815992

454 Arcadio the Sneak (level 6, -24/50 HPs)
             Began as a Demonspawn Delver on May 18, 2023.
             Was a Believer of Nemelex Xobeh.
             Annihilated by an ogre
             ... wielding a +0 giant club
              (27 damage)
             ... on level 5 of the Dungeon.
             The game lasted 00:13:36 (3876 turns).

Arcadio the Sneak (Demonspawn Delver)               Turns: 3876, Time: 00:13:36

Health: -24/50     AC:  9    Str: 12    XL:     6   Next: 76%
Magic:  6/6        EV: 13    Int: 12    God:    Nemelex Xobeh [**....]
Gold:   242        SH:  0    Dex: 16    Spells: 5/5 levels left

rFire   . . .        E - +4 quarterstaff (chaos)
rCold   . . .        (shield currently unavailable)
rNeg    . . .        I - +2 robe {Archmagi}
rPois   .            n - +0 helmet
rElec   .            h - +0 cloak
rCorr   .            (no gloves)
SInv    .            y - +0 pair of boots
Will    .....        (no amulet)
Stlth   +++          (no ring)
HPRegen 0.28/turn    (no ring)
MPRegen 0.10/turn

%: archmagi
@: mighty
A: claws 1, molten scales 1, demonic guardian 1, powered by pain 1
a: Renounce Religion, Draw Escape, Draw Destruction, Draw Summoning


You were on level 5 of the Dungeon.
You worshipped Nemelex Xobeh.
Nemelex Xobeh was pleased with you.
You visited 2 branches of the dungeon, and saw 6 of its levels.

You collected 242 gold pieces.

Inventory:

Hand Weapons
 a - a +0 falchion
 E - a +4 quarterstaff of chaos (weapon)
Missiles
 x - 2 throwing nets (quivered)
Armour
 b - a +0 leather armour
 h - a +0 cloak (worn)
 n - a +0 helmet (worn)
 y - a +0 pair of boots (worn)
 F - a +0 cloak
 I - a +2 robe of the Archmagi (worn)
Jewellery
 G - an amulet of regeneration
Wands
 g - a wand of digging (3)
 i - a wand of light (14)
 D - a wand of flame (20)
Scrolls
 c - 4 scrolls of fog
 d - 3 scrolls of magic mapping
 j - a scroll of silence {unknown}
 k - 8 scrolls of identify {unknown}
 o - a scroll of poison {unknown}
 p - a scroll of enchant armour {unknown}
 s - a scroll of immolation {unknown}
 t - a scroll of butterflies {unknown}
 w - 4 scrolls of enchant weapon {unknown}
 B - a scroll of vulnerability {unknown}
 C - 2 scrolls of teleportation {unknown}
Potions
 e - 3 potions of flight {unknown}
 f - 3 potions of haste
 l - 2 potions of degeneration {unknown}
 m - a potion of berserk rage {unknown}
 q - 4 potions of brilliance {unknown}
 r - 2 potions of cancellation {unknown}
 u - 5 potions of curing {unknown}
 v - a potion of might {unknown}
 z - 3 potions of heal wounds {unknown}
 A - a potion of resistance
 H - a potion of attraction {unknown}


   Skills:
 + Level 4.8 Fighting
 - Level 3.4 Long Blades
 + Level 3.8 Dodging
 - Level 5.6 Stealth


You had 5 spell levels left.
You didn't know any spells.
Your spell library contained the following spells:

 Spells                   Type           Power      Damage    Failure   Level
 Sandblast                Erth           0%         2d4       32%         1
 Passwall                 Tmut/Erth      0%         N/A       45%         2
 Stone Arrow              Conj/Erth      0%         3d7       69%         3


Dungeon Overview and Level Annotations

Branches:
Dungeon (5/15) Zot: 24441  Temple (1/1) D:5 Zot: 5816

Altars:
Ashenzari
Dithmenos
Hepliaklqana
Kikubaaqudgha
Makhleb
Nemelex Xobeh
Okawaru
Ru
Sif Muna
Trog
Uskayaw
Vehumet
Xom

Annotations:
D:4 Duvessa


Innate Abilities, Weirdness & Mutations

You have sharp fingernails.
You are partially covered in molten scales. (AC +2)
A weak demonic guardian rushes to your aid.
You sometimes gain a little power by taking damage.


Message History

You sock the shadow imp!
You kill the shadow imp!
HP restored.
You now have 231 gold pieces (gained 11).
You now have 242 gold pieces (gained 11).
An adder comes into view.
The adder hisses angrily.
The adder bites you but does no damage. The adder closely misses you.
You closely miss the adder. The adder bites you but does no damage.
You miss the adder. The adder closely misses you. The adder barely misses you.
You miss the adder. The adder barely misses you. The adder misses you.
You closely miss the adder. The adder closely misses you.
You sock the adder!
The adder is poisoned.
The adder is severely wounded.
The adder closely misses you. The adder bites you but does no damage.
You miss the adder.
The adder is severely wounded.
The adder closely misses you. The adder completely misses you.
You hit the adder. You freeze the adder.
You kill the adder!
u - 5 sedimented emerald potions (gained 1)
An ogre comes into view. It is wielding a +0 giant club.
The helpless ogre fails to defend itself.
You sock the ogre!
The ogre is heavily wounded.
The ogre hits you with a +0 giant club!!
Ouch! That really hurt!
A demonic guardian appears!
You focus on the pain.
You feel very mighty all of a sudden.
You completely miss the ogre.
The ogre is heavily wounded.
Your ufetubus hits the ogre.
Your ufetubus barely misses the ogre.
The ogre hits you with a +0 giant club!
* * * LOW HITPOINT WARNING * * *
Okay, then.
The ogre attacks as you move away!
The ogre hits you with a +0 giant club!!
Ouch! That really hurt!
You die...
Your body disappears without a glow.

#... #... ### ###...###
#.# ........# ...
......... .. #.#
#.......# ... #.#
......... ...####O##
#...... . ........@5#
#...... ####. .........##
#...... ..... #.$......#
#..# #...... .....
.........# #..# ##..#.#
..... ##...##..####..#
#....# ...#
...............#####.##..
...#
.........#####.##.##.##.#
...# ###.###.†#
##.##.##..... ..... #
#..####..##.##.#..#


You could see an ogre (ally target) and a friendly ufetubus (summoned).

Vanquished Creatures
  An ogre (D:3)
  A scorpion (D:5)
  Dowan (D:4)
  Crazy Yiuf (D:2)
  Terence (D:3)
  6 adders
  5 gnolls
  A shadow imp (D:5)
  3 dart slugs (D:4)
  3 orcs
  2 bats
  3 endoplasms
  7 giant cockroaches
  4 goblins
  7 hobgoblins
  4 jackals (D:1)
  3 kobolds
  3 quokkas (D:2)
  4 ball pythons
  4 frilled lizards (D:2)
  2 rats
66 creatures vanquished.

Vanquished Creatures (collateral kills)
  Jessica (D:3)
  A gnoll (D:4)
2 creatures vanquished.

Vanquished Creatures (others)
  7 plants
7 creatures vanquished.

Grand Total: 75 creatures vanquished

Notes
Turn   | Place    | Note
-------+----------+-------------------------------------------
     0 | D:5      | Arcadio the Demonspawn Delver began the quest for the Orb.
     0 | D:5      | Reached XP level 1. HP: 18/18 MP: 1/1
    67 | D:5      | Gained mutation: You are partially covered in molten
                  | scales. (AC +2) [demonic ancestry]
    67 | D:5      | Reached XP level 2. HP: 22/24 MP: 2/2
    78 | D:5      | Noticed a scorpion
   208 | D:5      | Noticed an ogre
   437 | D:4      | Found a radiant altar of Vehumet.
   465 | D:3      | Noticed an ogre
   512 | D:3      | Killed an ogre
   513 | D:3      | Reached skill level 5 in Stealth
   513 | D:3      | Gained mutation: You have sharp fingernails. [demonic
                  | ancestry]
   513 | D:3      | Reached XP level 3. HP: 30/30 MP: 3/3
   513 | D:3      | Gained mutation: A weak demonic guardian rushes to your
                  | aid. [demonic ancestry]
   513 | D:3      | Reached XP level 4. HP: 37/37 MP: 4/4
   716 | D:3      | Noticed Jessica
   733 | D:3      | Noticed Terence
   750 | D:3      | Killed Terence
   767 | D:3      | Killed Jessica
   768 | D:3      | Reached XP level 5. HP: 31/42 MP: 5/5
   810 | D:3      | Found a shimmering blue altar of Sif Muna.
   962 | D:3      | Found a hazy altar of Hepliaklqana.
  2327 | D:2      | Found a runed translucent door.
  2328 | D:2      | Noticed Crazy Yiuf
  2335 | D:2      | Killed Crazy Yiuf
  2483 | D:2      | Found a faded altar of an unknown god.
  2490 | D:2      | Prayed at the altar of an unknown god.
  2490 | D:2      | Became a worshipper of Nemelex Xobeh the Trickster
  2490 | D:2      | Reached * piety under Nemelex Xobeh
  3041 | D:4      | Received a gift from Nemelex Xobeh
  3054 | D:4      | Gained mutation: You sometimes gain a little power by
                  | taking damage. [demonic ancestry]
  3054 | D:4      | Reached XP level 6. HP: 46/48 MP: 6/6
  3132 | D:4      | Reached ** piety under Nemelex Xobeh
  3202 | D:4      | Noticed Dowan
  3204 | D:4      | Noticed Duvessa
  3243 | D:4      | Killed Dowan
  3545 | D:5      | Found a staircase to the Ecumenical Temple.
  3557 | Temple   | Entered the Ecumenical Temple
  3777 | D:5      | Found a broken altar of Ashenzari.
  3876 | D:5      | Annihilated by an ogre

Illustrated notes

Levels and vault maps discovered:
D:1:      dpeg_arrival_arbitrary_a, layout_basic, minmay_worlds_worst_comb
D:2:      layout_basic, dreamdust_ecumenical_altar_hidden_monk_grotto,
          uniq_crazy_yiuf_cottage
D:3:      layout_loops_ring, tgw_sif, general_overflow_altar, uniq_terence
D:4:      kennysheep_slugbush, layout_loops_corners, old_standard_altar,
          minivault_1, minmay_misc_feat_nine_boxes, corexii_corridor_pit,
          minmay_lizard_king, uniq_duvessa
D:5:      layout_basic, ashenzari_altar_1, minmay_temple_entry_glass
Temple:   nicolae_temple_bog_church

Skill      XL: |  1  2  3  4  5 |
---------------+----------------+-----
Long Blades    | 2 3 |  3.4
Dodging        | 2 3 |  3.8
Stealth        | 5 |  5.6
Fighting       | 4 |  4.8

Action                     |  1- 3 |  4- 6 || total
---------------------------+-------+-------++-------
  Melee: Falchion          |    23 |   153 ||   176
         Quarterstaff      |       |    49 ||    49
         Punch             |       |     2 ||     2
 Invoke: Draw Destruction  |       |     1 ||     1
  Evoke: Wand              |     3 |     1 ||     4
    Use: Scroll            |     2 |       ||     2
   Stab: Invisible         |       |     3 ||     3
         Sleeping          |       |    16 ||    16
 Armour: Leather armour    |    15 |    70 ||    85
         Robe              |       |    13 ||    13
  Dodge: Dodged            |    17 |   152 ||   169
